 Dungeon Crawl Stone Soup version 0.30.1-11-g7821555f0a (webtiles) character file.

Game seed: 13729979449861425245

28 Janerl the Cutter (level 3, -3/24 HPs)
             Began as a Kobold Berserker on Oct 27, 2023.
             Was a Believer of Trog.
             Slain by Terence
             ... wielding a +2 morningstar of protection
              (18 damage)
             ... on level 2 of the Dungeon.
             The game lasted 00:03:37 (378 turns).

Janerl the Cutter (Kobold Berserker)                 Turns: 378, Time: 00:03:37

Health: -3/24      AC:  2    Str: 14    XL:     3   Next: 30%
Magic:  3/3        EV: 15    Int:  6    God:    Trog [**....]
Gold:   75         SH:  0    Dex: 21    Spells: 2/2 levels left

rFire   . . .        k - +9 short sword of the Nine Beggars {flame, Int-4 Dex+7}
rCold   . . .        (no shield)
rNeg    . . .        b - +0 animal skin
rPois   .            (no helmet)
rElec   .            (no cloak)
rCorr   .            (no gloves)
SInv    .            (no boots)
Will    .....        (no amulet)
Stlth   +++          (no ring)
HPRegen 0.24/turn    (no ring)
MPRegen 0.08/turn

%: no passive effects
@: no status effects
A: small, no large weapons, nightstalker 3
a: Renounce Religion, Berserk, Trog's Hand


You were on level 2 of the Dungeon.
You worshipped Trog.
Trog was pleased with you.
You visited 1 branch of the dungeon, and saw 2 of its levels.

You collected 75 gold pieces.

Inventory:

Hand Weapons
 a - a +0 short sword
 k - the +9 short sword of the Nine Beggars (weapon) {flame, Int-4 Dex+7}
   (You took it off a goblin on level 2 of the Dungeon)

   Int:       It affects your intelligence (-4).
   Dex:       It affects your dexterity (+7).
Missiles
 c - 6 boomerangs (quivered)
Armour
 b - a +0 animal skin (worn)
Wands
 i - a wand of roots (9)
Scrolls
 f - a scroll of fog {unknown}
 g - a scroll of blinking {unknown}
 h - a scroll of enchant weapon {unknown}
 j - a scroll of teleportation {unknown}
 l - a scroll of fear {unknown}
 n - a scroll of summoning {unknown}
Potions
 d - a potion of haste {unknown}
 e - a potion of mutation {unknown}
 m - 2 potions of brilliance {unknown}
 o - a potion of curing {unknown}


   Skills:
 + Level 3.7 Fighting
 + Level 4.9 Short Blades
 + Level 1.6 Armour
 + Level 2.5 Dodging
 + Level 1.2 Stealth


You had 2 spell levels left.
You didn't know any spells.
Your spell library was empty.

Dungeon Overview and Level Annotations

Branches:
Dungeon (2/15)

Altars:

Annotations:
D:2 Terence


Innate Abilities, Weirdness & Mutations

You are small and have problems with some larger weapons.
You are completely attuned to the shadows.


Message History

The boomerang hits the worm but does no damage.
The worm is severely wounded.
You hit the worm. You burn the worm.
The worm is almost dead.
The worm barely misses you.
You hit the worm. You burn the worm.
You kill the worm!
Trog accepts your kill.
o - a viscous clear potion A ball python comes into view.
Throw: 6 boomerangs
Press: ? - help, Q - select action, (/) - cycle Shift-Dir - straight line, f - ball python
Aim: a ball python (asleep, 98% to hit)
You throw a boomerang. The boomerang hits the ball python.
You kill the ball python!
Trog accepts your kill.
Terence the Incautious comes into view.
He is wielding a +2 morningstar of protection and carrying a wand of flame (15).
Throw: 6 boomerangs
Press: ? - help, Q - select action, (/) - cycle Shift-Dir - straight line, f - Terence
Aim: Terence, wielding a +2 morningstar of protection, wearing a +0 chain mail and carrying a wand of flame (15) (asleep, 98% to hit)
You throw a boomerang.
The boomerang hits Terence but does no damage.
You puncture Terence! You burn Terence.
Terence is severely wounded.
You barely miss Terence.
Terence is severely wounded.
Terence closely misses you.
You barely miss Terence.
Terence is severely wounded.
Terence hits you with a +2 morningstar of protection!
You hit Terence but do no damage.
Terence is severely wounded.
Terence closely misses you.
You hit Terence. You burn Terence.
Terence is severely wounded.
You hit Terence. You burn Terence.
Terence is almost dead.
Terence hits you with a +2 morningstar of protection!!
Ouch! That really hurt!
You die...

†.#.........##......
..#.........##..####
.##.............#
......>.....###.#
..#.. #.#### ..# .
#....## .## ##...†#
## #....# . #@...# .
...@....# ........#
........# ....#####


You could see Terence.

Vanquished Creatures
  A worm (D:2)
  3 ball pythons (D:2)
  3 bats
  3 endoplasms
  3 giant cockroaches
  2 goblins (D:2)
  2 hobgoblins (D:2)
  A quokka (D:1)
  2 kobolds (D:1)
  2 rats (D:1)
22 creatures vanquished.

Notes
Turn   | Place    | Note
-------+----------+-------------------------------------------
     0 | D:1      | Janerl the Kobold Berserker began the quest for the Orb.
     0 | D:1      | Reached XP level 1. HP: 14/14 MP: 1/1
   115 | D:1      | Reached XP level 2. HP: 19/19 MP: 2/2
   226 | D:1      | You fall into a shaft and drop 1 floor!
   270 | D:2      | Identified the +9 short sword of the Nine Beggars {flame,
                  | Int-4 Dex+7}
   316 | D:2      | Reached XP level 3. HP: 23/23 MP: 3/3
   322 | D:2      | Reached skill level 1 in Stealth
   332 | D:2      | Reached ** piety under Trog
   371 | D:2      | Noticed Terence
   378 | D:2      | Slain by Terence

Illustrated notes

Levels and vault maps discovered:
D:1:      giann_horns, layout_loops_ring, serial_shops,
          nicolae_shop_temple_entry_statues_fountains, st_stairs_10,
          minmay_misc_feat_more_columns, minivault_24
D:2:      layout_rooms, minmay_goblin_kobold_house, uniq_terence

Skill      XL: |  1  2  3 |
---------------+----------+-----
Stealth        | 1 |  1.2
Fighting       | |  3.7
Short Blades   | |  4.9
Armour         | |  1.6
Dodging        | |  2.5

Action                     || total
---------------------------++-------
  Melee: Short sword       ||    37
  Throw: Boomerang         ||    16
   Stab: Sleeping          ||     9
 Armour: Animal skin       ||     5
  Dodge: Dodged            ||    13
